AoeStats
← ToninMarvado

Arabian Desert

510051728Analyzed
1v1 RM · 2d ago on Sep 29, 2026· 71m 30s· 2 players
Game mode
Random Map
Map size
Tiny (2 player)
Population
200
Speed
Normal
Resources
Standard
Victory
Conquest
Starting age
Dark Age
Ending age
Imperial Age
RankedLock teamsTeams togetherTeam positionsShared explorationLock speedFull tech treeHidden civsTurbo modeCheats
Victory
Defeat
🇧🇷 Saxons · Brazil
1211
+15
🇫🇷 Romans · France
1186
-15
BenjiAOE2
7:44 Loom
10:17 Feudal Age
11:27 Scale Mail Armor
12:05 Man-at-Arms
15:48 Double-Bit Axe
18:36 Fletching
18:48 Padded Archer Armor
23:21 Castle Age
23:33 Forging
23:25 Long Swordsman
24:22 Chain Mail Armor
24:49 Pikeman
30:39 Horse Collar
30:51 Gold Mining
31:57 Squires
33:30 Stone Mining
37:34 Imperial Age
37:50 Wheelbarrow
37:01 Town Watch
37:42 Ballistas
38:29 Iron Casting
39:23 Chemistry
40:23 Gold Shaft Mining
42:05 Comitatenses
42:58 Conscription
42:01 Heavy Scorpion
42:18 Cavalier
43:09 Bloodlines
43:00 Husbandry
43:08 Scale Barding Armor
44:12 Conscription
47:41 Light Cavalry
49:19 Chain Barding Armor
50:00 Blast Furnace
52:48 Legionary
61:10 Hand Cart
60:56 Town Patrol
ToninMarvado
7:39 Loom
9:55 Feudal Age
10:00 Man-at-Arms
15:10 Padded Archer Armor
15:44 Fletching
16:10 Double-Bit Axe
18:39 Wheelbarrow
23:38 Castle Age
22:00 Gold Mining
23:05 Horse Collar
23:18 Stone Mining
23:42 Crossbowman
24:55 Forging
25:53 Bodkin Arrow
26:52 Iron Casting
28:25 Bow Saw
28:54 Town Watch
30:02 Thumb Ring
30:10 Scale Barding Armor
30:21 Leather Archer Armor
31:05 Bloodlines
32:52 Scale Mail Armor
37:15 Imperial Age
35:03 Hand Cart
36:58 Squires
36:44 Gambesons
36:45 Arson
37:19 Chain Mail Armor
37:25 Chain Barding Armor
37:22 Heavy Plow
37:55 Arbalester
38:12 Cavalier
38:53 Husbandry
39:53 Gold Shaft Mining
41:23 Onager
46:38 Elite Hearth Troop
46:40 Clerical Recruitment
49:33 Crop Rotation
49:51 Ring Archer Armor
49:21 Bracer
49:11 Pikeman
49:14 Elite Varangian Guard
51:29 Halberdier
52:57 Coinage
53:19 Town Patrol
53:33 Long Swordsman
61:24 Plate Mail Armor
68:08 Ballistics
67:41 Guard Tower
67:47 Murder Holes
68:03 Masonry
69:19 Long Swordsman
71:11 Long Swordsman
Connection lost

Rejoining the realm…

Still unreachable

The connection could not be restored.

Session expired

The server has moved on; the page needs a fresh start.